 Dungeon Crawl Stone Soup version 0.28.0-43-g3370ac3207 (webtiles) character file.

Game seed: 7403980972240714253

53 demenzo the Cutter (level 3, -3/26 HPs)
             Began as an Octopode Cinder Acolyte on Mar 27, 2022.
             Was a High Priest of Ignis.
             Killed by nerve-wracking pain
             ... invoked by an orc priest
              (14 damage)
             ... on level 4 of the Dungeon.
             The game lasted 00:04:01 (3604 turns).

demenzo the Cutter (Octopode Cinder Acolyte)        Turns: 3604, Time: 00:04:02

Health: -3/26      AC:  1    Str: 13    XL:     3   Next: 87%
Magic:  5/5        EV: 12    Int: 18    God:    Ignis [*****.]
Gold:   174        SH:  0    Dex:  7    Spells: 1/5 levels left

rFire   + + .      SeeInvis .   a - -1 short sword (flame)
rCold   . . .      Faith    .   (no shield)
rNeg    . . .      Spirit   .   (helmet restricted)
rPois   .          Reflect  .   (no amulet)
rElec   .          Harm     .   i - ring of protection from fire
rCorr   .          Rampage  .   (no ring)
Will    .....                   (no ring)
Stlth   +++.......              (no ring)
HPRegen 0.08/turn               (no ring)
MPRegen 0.09/turn               (no ring)
                                (no ring)
                                (no ring)

@: no status effects
A: almost no armour, amphibious, 8 rings, camouflage 1, gelatinous body 1,
(nimble swimmer 1), tentacles
a: Renounce Religion, Fiery Armour, Foxfire Swarm, Rising Flame


You were on level 4 of the Dungeon.
You worshipped Ignis.
Ignis was extremely pleased with you.
You visited 1 branch of the dungeon, and saw 4 of its levels.

You collected 174 gold pieces.

Inventory:

Hand Weapons
 a - a -1 short sword of flaming (weapon)
Missiles
 b - 130 stones (quivered)
 c - 29 arrows
 e - 29 bolts
 m - 2 poisoned darts
Jewellery
 i - a ring of protection from fire (left tentacle)
Wands
 k - a wand of digging (3)
Scrolls
 n - a scroll of teleportation {unknown}
Potions
 d - a potion of invisibility {unknown}
 f - 2 potions of berserk rage {unknown}
 g - 3 potions of mutation {unknown}
 h - 3 potions of brilliance {unknown}
 j - 4 potions of attraction {unknown}
 l - a potion of haste {unknown}


   Skills:
 + Level 3.3 Fighting
 * Level 3.6 Short Blades
 + Level 2.0 Stealth
 + Level 1.6 Spellcasting
 + Level 0.0 Hexes
 - Level 3.0 Fire Magic
 + Level 0.0 Ice Magic


You had one spell level left.
You knew the following spells:

 Your Spells              Type           Power      Damage    Failure   Level
a - Scorch                Fire           24%        2d6       9%          2
b - Ensorcelled Hibernat  Hex/Ice        2%         N/A       28%         2

Your spell library contained the following spells:

 Spells                   Type           Power      Damage    Failure   Level
 Passwall                 Tmut/Erth      0%         N/A       28%         2
 Portal Projectile        Hex/Tloc       2%         N/A       50%         3
 Swiftness                Air            1%         N/A       50%         3
 Blade Hands              Tmut           0%         N/A       99%         5
 Excruciating Wounds      Necr           0%         N/A       99%         5


Dungeon Overview and Level Annotations

Branches:
Dungeon (4/15)
 Temple: D:4-7

Altars:

Shops:
D:1 [

Annotations:
D:3 3 runed translucent doors, Bizboz's ghost, amateur GrFi


Innate Abilities, Weirdness & Mutations

You cannot wear most types of armour.
You are amphibious.
You can wear up to eight rings at the same time.
Your skin changes colour to match your surroundings (Stealth+).
Your rubbery body absorbs attacks. (AC +1, EV +1)
((You are camouflaged when in or above water. (Stealth+)))
You have tentacles for arms and can constrict up to eight enemies at once.


Message History

Could not explore, unopened runed door.
No reachable target in view!
Could not explore, unopened runed door.
No reachable target in view!
No reachable target in view!
Could not explore, unopened runed door.
No reachable target in view!
Could not explore, unopened runed door.
No reachable target in view!
(D) Dungeon
Where to? (Enter - D:3, ? - help)
There is an open door here.
There is a stone staircase leading down here.
You climb downwards.
The orc shouts!
The ball python hisses angrily.
The orc priest shouts!
You hear an angry hiss.
You hear a shout! x2; The orc shouts!
The orc priest shouts!
The orc shouts!
The endoplasm quivers.
There is a stone staircase leading up here.
There are monsters nearby!
There are monsters nearby!
You completely miss the orc priest. Your grab misses the orc priest.
Your squeeze misses the orc priest.
An adder comes into view.
The orc misses you.
The orc priest hits you with a +0 hand axe.
There are monsters nearby!
You closely miss the orc priest. Your grab misses the orc priest.
Your squeeze misses the orc priest. You closely miss the orc priest.
Your grab misses the orc priest. The orc priest barely misses you.
The orc priest invokes the aid of Beogh against you.
Beogh smites you! The orc closely misses you.
You are too injured to fight recklessly!
Unknown command.
The orc hits you but does no damage. The orc barely misses you.
The orc priest mumbles some strange prayers to Beogh against you.
Pain shoots through your body!
Ouch! That really hurt!
You die...

.. .# .#
.## .. .#
#.##.###.#
....SJo@.#
......ooo#
#.##.###.#
# .. .##
.. .. .##


You could see 2 orc priests, 2 orcs, an endoplasm and a ball python.

Vanquished Creatures
  A dart slug (D:2)
  3 endoplasms
  2 giant cockroaches
  8 goblins
  6 hobgoblins
  3 kobolds
  A quokka (D:2)
  6 ball pythons
  9 bats
  4 frilled lizards
  6 rats
49 creatures vanquished.

Notes
Turn   | Place    | Note
-------+----------+-------------------------------------------
     0 | D:1      | demenzo the Octopode Cinder Acolyte began the quest for the
                  | Orb.
     0 | D:1      | Reached XP level 1. HP: 16/16 MP: 2/2
   210 | D:1      | Reached XP level 2. HP: 21/21 MP: 3/3
   220 | D:1      | Learned a level 2 spell: Scorch
   277 | D:1      | Reached skill level 1 in Stealth
   389 | D:1      | Found Peziujeti's Armour Emporium.
   584 | D:1      | Found a faded altar of an unknown god.
   802 | D:1      | Reached XP level 3. HP: 26/26 MP: 5/5
  2523 | D:3      | Noticed a necrophage
  2525 | D:3      | Found a runed translucent gate.
  2525 | D:3      | Found a runed translucent gate.
  2525 | D:3      | Noticed Bizboz's ghost (amateur GrFi)
  2530 | D:3      | Found a runed translucent gate.
  3304 | D:3      | Learned a level 2 spell: Ensorcelled Hibernation
  3604 | D:4      | Killed from afar by an orc priest

Illustrated notes

Levels and vault maps discovered:
D:1:      saegor_arrival_simple_a, layout_basic, serial_shops,
          nicolae_shop_window_shopping,
          hellmonk_ecumenical_altar_pennies_from_heaven
D:2:      layout_basic
D:3:      layout_basic, gammafunk_ghost_split, roderic_serpentine_path,
          corner_web_ring
D:4:      cheibrodos_quashed, layout_loops_ring, minmay_temple_entry_offerings,
          uniq_grinder, uniq_crazy_yiuf_cottage

Skill      XL: |  1  2  3 |
---------------+----------+-----
Stealth        | 1 2 |  2.0
Fighting       | |  3.3
Short Blades   | |  3.6
Spellcasting   | |  1.6
Fire Magic     | |  3.0

Action                   || total
-------------------------++-------
Melee: Short sword       ||    85
       Constrict         ||    25
       Tentacles         ||    15
 Stab: Sleeping          ||     9
       Distracted        ||     1
Armor: Skin              ||     8
Dodge: Dodged            ||    49
